Map: Prion Terraces

Players

eofkeidjqlo - Winner!

  • Race: Terran Terran
  • League: Platinum

ILLBdA

  • Race: Protoss Protoss
  • League: Diamond

VOD

Have the link to the VOD?

Description

Time

  • Played on: Jan. 3, 2016, 10:56 p.m.
  • Length: 9:50
Show
View Real Time Build Order
Export as new Build Order

eofkeidjqlo Terran - Winner!

Build Orders: Reaper Expand, MMM Bio 

Get SALT Encoding   

  12  0:01  SCV  
  13  0:14  SCV  
  14  0:18  Supply Depot  
  14  0:26  SCV  
  15  0:28  Refinery  
  15  0:39  SCV  
  16  0:45  Barracks  
  16  0:52  SCV  
  17  1:04  SCV  
  18  1:16  SCV  
  19  1:32  Orbital Command  
  19  1:33  Reaper  
  20  1:43  Command Center  
  20  1:52  Supply Depot  
  20  2:01  SCV  
  20  2:05  Factory  
  21  2:13  SCV  
  21  2:14  Barracks Reactor  
  22  2:23  Refinery  
  22  2:26  SCV  
  23  2:38  SCV  
  24  2:49  Barracks  
  24  2:50  SCV, Marine  
  24  2:51  Marine  
  27  2:52  Factory Tech Lab  
  27  2:57  Orbital Command  
  26  3:02  SCV  
  27  3:11  Bunker  
  27  3:12  Marine x2  
  29  3:14  SCV  
  30  3:26  SCV  
  30  3:29  Cyclone  
  31  3:38  SCV  
  31  3:41  SCV  
  29  3:46  Marine x2  
  29  3:47  Barracks Tech Lab  
  31  3:50  SCV  
  31  3:53  SCV  
  33  4:00  Starport  
  33  4:02  Supply Depot x2  
  33  4:23  SCV x2, Marine x2  
  37  4:24  Liberator  
  37  4:25  Supply Depot  
  37  4:26  Cyclone  
  39  4:35  SCV x2  
  40  4:39  Marine  
  40  4:41  Marine x2  
  46  4:47  SCV x2  
  48  4:57  Marine  
  48  4:59  Marine  
  51  5:00  SCV  
  51  5:02  Marine  
  51  5:05  SCV  
  53  5:07  Refinery  
  53  5:12  SCV  
  54  5:20  Supply Depot  
  54  5:34  Stimpack  
  54  5:37  Engineering Bay  
  54  5:42  SCV x2, Marine x2  
  58  5:47  Supply Depot  
  58  5:50  Supply Depot x2  
  58  5:54  SCV x2  
  58  5:56  Marine  
  61  6:05  Terran Infantry Weapons Level 1, Missile Turret  
  61  6:06  SCV  
  61  6:08  Missile Turret, Widow Mine  
  61  6:09  SCV  
  65  6:12  Missile Turret, Starport Reactor  
  65  6:16  Supply Depot  
  65  6:18  SCV  
  65  6:21  SCV  
  67  6:27  Command Center  
  67  6:29  Marine x2  
  67  6:30  SCV, Marine  
  71  6:33  SCV  
  71  6:39  Barracks  
  72  6:41  Barracks  
  72  6:45  Refinery  
  72  6:51  Armory, Marauder  
  72  6:52  Widow Mine, Marine x2  
  72  6:53  Engineering Bay  
  78  6:55  Medivac  
  78  6:57  Medivac  
  82  7:07  Supply Depot  
  82  7:09  Supply Depot  
  82  7:18  SCV x2  
  82  7:21  Marauder  
  86  7:27  Terran Infantry Armor Level 1  
  86  7:28  Medivac x2  
  90  7:30  Barracks Tech Lab  
  90  7:31  Barracks Tech Lab  
  90  7:33  Barracks  
  90  7:35  Combat Shields  
  90  7:36  Barracks  
  90  7:40  Orbital Command  
  90  7:49  Marauder  
  94  7:51  Marauder  
  94  7:52  Marauder  
  96  8:02  Marine  
  94  8:10  Marauder  
  98  8:13  Marine, Marauder x2  
  98  8:20  Marine  
  98  8:22  Orbital Command  
  98  8:25  SCV x2  
  101  8:31  Marauder, Marine  
  106  8:34  Marine x3, Marauder  
  106  8:37  SCV x2  
  106  8:38  Marine  
  112  8:49  SCV x2, Marine  
  112  8:52  Marauder  
  112  8:53  Marauder  
  112  8:55  Marine  
  120  8:58  Barracks Tech Lab  
  120  9:00  Barracks Reactor  
  120  9:01  SCV, Marine  
  120  9:02  SCV x2  
  124  9:07  Marine  
  125  9:14  Supply Depot  
  125  9:16  Marauder x3, Widow Mine  
  125  9:17  Supply Depot  
  133  9:30  Refinery  
  133  9:33  Refinery  
Show
View Real Time Build Order
Export as new Build Order

ILLBdA Protoss 

Build Orders: 1 Gate Expand, Oracle Opening 

Get SALT Encoding   

  12  0:02  Probe (Chrono Boost)  
  13  0:12  Probe (Chrono Boost)  
  14  0:18  Pylon  
  14  0:23  Probe (Chrono Boost)  
  15  0:36  Probe (Chrono Boost)  
  15  0:38  Gateway  
  16  0:44  Assimilator  
  16  0:47  Probe (Chrono Boost)  
  17  0:57  Probe (Chrono Boost)  
  18  1:08  Probe (Chrono Boost)  
  19  1:19  Nexus  
  19  1:22  Probe (Chrono Boost)  
  20  1:34  Cybernetics Core  
  20  1:38  Probe (Chrono Boost)  
  21  1:41  Assimilator  
  21  1:49  Probe (Chrono Boost)  
  21  1:51  Pylon  
  22  1:59  Probe (Chrono Boost)  
  23  2:11  Mothership Core (Chrono Boost)  
  23  2:12  Adept (Chrono Boost)  
  27  2:17  Warp Gate  
  27  2:30  Probe  
  27  2:32  Probe  
  29  2:40  Probe  
  30  2:45  Probe  
  30  2:50  Stargate  
  31  2:53  Probe  
  31  2:56  Stalker (Chrono Boost)  
  31  2:57  Probe  
  35  3:04  Probe (Chrono Boost)  
  36  3:09  Probe (Chrono Boost)  
  37  3:16  Probe (Chrono Boost)  
  37  3:19  Pylon  
  38  3:20  Pylon  
  38  3:21  Probe (Chrono Boost)  
  38  3:23  Pylon  
  39  3:31  Oracle  
  37  3:40  Stalker (Chrono Boost)  
  42  3:43  Probe  
  42  3:44  Pylon  
  43  3:59  Pylon  
  43  4:02  Oracle  
  43  4:04  Nexus  
  43  4:06  Pylon  
  44  4:28  Stalker  
  43  4:38  Probe, Phoenix  
  47  4:45  Probe  
  47  4:48  Pylon  
  47  4:49  Assimilator  
  47  4:51  Pylon, Assimilator  
  47  4:56  Stalker  
  44  5:00  Phoenix  
  44  5:05  Probe  
  44  5:08  Probe  
  45  5:16  Gateway  
  45  5:18  Probe, Gateway  
  45  5:20  Probe, Gateway  
  45  5:23  Phoenix  
  45  5:24  Gateway  
  47  5:30  Mothership Core (Chrono Boost)  
  47  5:32  Adept  
  51  5:36  Probe (Chrono Boost)  
  51  5:37  Probe (Chrono Boost)  
  53  5:45  Phoenix  
  53  5:48  Probe (Chrono Boost)  
  57  5:50  Probe (Chrono Boost)  
  57  5:51  Probe (Chrono Boost)  
  57  5:52  Pylon  
  58  5:57  Adept  
  58  5:58  Probe (Chrono Boost)  
  58  6:02  Probe (Chrono Boost)  
  62  6:07  Probe (Chrono Boost)  
  62  6:08  Twilight Council  
  62  6:09  Probe (Chrono Boost)  
  64  6:15  Probe (Chrono Boost)  
  64  6:16  Robotics Facility  
  64  6:18  Probe (Chrono Boost)  
  66  6:19  Probe (Chrono Boost)  
  66  6:22  Adept  
  66  6:23  Adept  
  66  6:24  Phoenix  
  71  6:32  Probe (Chrono Boost)  
  74  6:35  Resonating Glaives (Chrono Boost)  
  74  6:38  Forge  
  74  6:40  Pylon  
  74  6:46  Phoenix  
  74  6:47  Adept  
  74  6:48  Adept  
  80  6:54  Probe  
  80  6:57  Pylon  
  81  7:02  Probe  
  81  7:03  Probe  
  81  7:05  Observer  
  81  7:06  Probe  
  85  7:11  Protoss Ground Armor Level 1 (Chrono Boost)  
  85  7:15  Probe  
  86  7:18  Gateway  
  86  7:20  Gateway  
  85  7:24  Gateway  
  85  7:25  Gateway  
  85  7:26  Phoenix  
  85  7:27  Observer  
  88  7:30  Probe, Pylon  
  88  7:35  Adept x3  
  95  7:39  Assimilator  
  95  7:40  Assimilator  
  95  7:49  Warp Prism  
  97  7:51  Probe  
  97  7:54  Photon Cannon  
  97  7:56  Photon Cannon  
  97  7:57  Phoenix  
  100  8:01  Photon Cannon  
  88  8:19  Adept  
  75  8:20  Adept x4  
  75  8:25  Observer  
  84  8:29  Phoenix  
  86  8:42  Adept  
  86  8:43  Adept x4  
  86  8:46  Gateway  
  86  8:47  Gateway  
  97  8:48  Observer  
  97  8:49  Gateway  
  97  8:50  Gateway  
  97  8:53  Adept x4  
  105  9:02  Adept  
  105  9:03  Adept  
  109  9:16  Pylon  
  109  9:17  Pylon  
  109  9:25  Pylon  
  109  9:26  Pylon  
  109  9:34  Pylon  
  109  9:35  Pylon  
  109  9:36  Adept x2  
  109  9:37  Adept x4  
  125  9:44  Adept x3  
Tags
 
Add a new tag
Caveats
  • Supply blocks, unpowered buildings, or Contaminate may cause inaccurate times.
  • Supply counts are checked every 10 seconds.